 Dungeon Crawl Stone Soup version bcrawl-1.19.1 (webtiles) character file.

Game seed: 5212185065221515728

198 mahrnol the Caller (level 5, 0/28 HPs)
             Began as a Skeleton Summoner on Dec 5, 2019.
             Slain by Sigmund
             ... wielding a +0 scythe
              (9 damage)
             ... on level 2 of the Dungeon.
             The game lasted 00:25:10 (4694 turns).

mahrnol the Caller (Skeleton Summoner)              Turns: 4694, Time: 00:25:10

Health: 0/28       AC:  4    Str: 14    XL:     5   Next: 47%
Magic:  0/11       EV: 12    Int: 15    God:
Gold:   175        SH:  0    Dex:  9    Spells: 3/13 levels left

rFire    . . .     SeeInvis .   g - +0 short sword
rCold    + . .     Gourm    .   (no shield)
rNeg     + + +     Faith    .   a - +0 robe
rPois    ∞         Spirit   +   (no helmet)
rElec    .         Reflect  .   f - +0 cloak
rCorr    .         Harm     .   e - +0 pair of gloves
MR       .....                  (no boots)
Stlth    ++........             k - amulet of inaccuracy (curse)
HPRegen  0.09/turn              (no ring)
MPRegen  0.12/turn              (no ring)

@: no status effects
A: no food or potions, cold resistance 1, deterioration 1, negative energy
resistance 3, torment resistance, unbreathing, magic shield, sturdy frame 1,
spell healing
a: no special abilities


You were on level 2 of the Dungeon.
You were not hungry.

You visited 1 branch of the dungeon, and saw 3 of its levels.

You collected 175 gold pieces.

Inventory:

Hand Weapons
 g - a +0 short sword (weapon)
 p - a +0 flail of venom
 q - a +2 spear of venom
 t - a +0 dagger of electrocution
 u - a +0 hunting sling
Missiles
 i - 385 arrows
 j - 151 bolts
 n - 135 javelins (quivered)
 o - 75 tomahawks
 r - 258 sling bullets
 v - 68 needles of confusion
Armour
 a - a +0 robe (worn)
 e - a +0 pair of gloves (worn)
 f - a +0 cloak (worn)
Jewellery
 h - an uncursed amulet of rage
 k - a cursed amulet of inaccuracy (around neck)
Wands
 s - a wand of polymorph (3)
Scrolls
 b - 4 scrolls of remove curse {unknown}
 c - a scroll of summoning
 d - 2 scrolls of teleportation {unknown}
 l - 3 scrolls of identify {unknown}
 m - a scroll of blinking {unknown}


   Skills:
 + Level 0.2 Short Blades
 + Level 2.1 Dodging
 - Level 2.5 Stealth
 + Level 4.6 Spellcasting
 + Level 5.3 Summonings
 * Level 3.8 Ice Magic


You had 3 spell levels left.
You knew the following spells:

 Your Spells              Type           Power        Failure   Level  Hunger
a - Summon Small Mammal   Summ           ###.         1%          1    N/A
b - Call Imp              Summ           ###...       2%          2    N/A
c - Call Canine Familiar  Summ           ###.....     5%          3    N/A
d - Summon Ice Beast      Ice/Summ       ###.....     26%         4    N/A

Your spell library contained the following spells:

 Spells                   Type           Power        Failure   Level  Hunger
 Summon Lightning Spire   Summ/Air       ##......     83%         5    N/A

Dungeon Overview and Level Annotations

Branches:
Dungeon (3/12)

Altars:
Ashenzari
Fedhas
Hepliaklqana
Ru
Yredelemnul

Annotations:
D:2 exclusion: oklob plant, Sigmund


Innate Abilities, Weirdness & Mutations

You do not eat or drink.
You are immune to poison.
Your flesh is cold resistant. (rC+)
Your body sometimes deteriorates upon taking damage.
You are immune to negative energy. (rN+++)
You are immune to unholy pain and torment.
You can survive without breathing.
When hurt, damage is shared between your health and your magic reserves.
Your movements are slightly less encumbered by armour. (ER -2)
Casting spells heals you.


Message History

Sigmund closely misses you.
You barely miss Sigmund.
Sigmund is lightly wounded.
Your bat barely misses Sigmund.
Your hound bites Sigmund but does no damage. x2
Sigmund hits you with a +0 scythe!
You hit Sigmund.
Sigmund is moderately wounded.
Your bat hits Sigmund but does no damage.
Sigmund hits you with a +0 scythe!
Your hound bites Sigmund.
You hit Sigmund but do no damage.
Sigmund is moderately wounded.
Your bat closely misses Sigmund.
Your hound bites Sigmund.
Your crimson imp barely misses Sigmund.
You hit Sigmund.
Sigmund is moderately wounded.
Your bat hits Sigmund but does no damage.
Your hound barely misses Sigmund.
Your bat completely misses Sigmund.
Sigmund hits you with a +0 scythe!
You die...

.....#...#...#.#.# #†#
..##.#.#.##).#.#.# #######.#
####.#.._......#.# #.......#
#.#.....#.###.# #.#######
####.......#.....#######r#####
.b........)..............rr..#
.########....##b.####...##.#.#
!.## #.##.##@h####.#..#.#r####
...# #.##.##5@5..#....#.#.....
#..# #.##.##.###.##.#<#.#####.
...# #.##......#.#..........%.
##.######.######.......#......###
....).....# #...##.###.##...#
##..#####.# #.####...#.######
.#..#####.# #.####.#.#.####
..........#####.##.....#^...#####
.#...###.........#.#.####.#.#....


You could see Sigmund, a friendly hound, 2 friendly crimson imps and a friendly
bat.

Vanquished Creatures
  An orc priest (D:3)
  An orc (D:2)
  A bat (D:2)
  A giant cockroach (D:2)
  A hobgoblin (D:1)
  4 jackals
  2 quokkas
  A kobold (D:2)
  2 rats (D:2)
14 creatures vanquished.

Vanquished Creatures (collateral kills)
  A hound (D:3)
  Terence (D:2)
  Ijyb (D:3)
  Natasha (twice) (D:3)
  5 adders
  4 gnolls (D:3)
  2 worms (D:2)
  3 dart slugs
  4 leopard geckos
  9 orcs
  2 bats (D:2)
  3 giant cockroaches
  6 goblins
  6 hobgoblins
  5 jackals (D:2)
  11 kobolds
  A quokka (D:2)
  2 frilled lizards
  4 rats
72 creatures vanquished.

Grand Total: 86 creatures vanquished

Notes
Turn   | Place    | Note
-------+----------+-------------------------------------------
     0 | D:1      | mahrnol the Skeleton Summoner began the quest for the Orb.
     0 | D:1      | Reached XP level 1. HP: 10/10 MP: 4/4
   817 | D:1      | Reached XP level 2. HP: 12/15 MP: 0/6
   880 | D:1      | Learned a level 2 spell: Call Imp
  1543 | D:2      | Reached skill level 5 in Summonings
  1576 | D:2      | Found a sacrificial altar of Ru.
  1622 | D:2      | Noticed Sigmund
  1684 | D:2      | Reached XP level 3. HP: 19/19 MP: 0/8
  1714 | D:2      | Learned a level 3 spell: Call Canine Familiar
  2001 | D:2      | Noticed Terence
  2128 | D:2      | Killed Terence
  2511 | D:2      | Found a shattered altar of Ashenzari.
  2771 | D:2      | Found a blossoming altar of Fedhas.
  2797 | D:2      | Noticed an oklob plant
  3095 | D:3      | Reached XP level 4. HP: 16/24 MP: 5/10
  3152 | D:3      | Learned a level 4 spell: Summon Ice Beast
  3521 | D:3      | Reached skill level 1 in Ice Magic
  3716 | D:3      | Found a basalt altar of Yredelemnul.
  3901 | D:3      | Found a sacrificial altar of Ru.
  4120 | D:3      | Reached XP level 5. HP: 26/28 MP: 1/11
  4271 | D:3      | Noticed Ijyb
  4294 | D:3      | Killed Ijyb
  4370 | D:3      | Noticed Natasha
  4379 | D:3      | Killed Natasha
  4522 | D:3      | Found a hazy altar of Hepliaklqana.
  4529 | D:3      | Noticed Natasha
  4539 | D:3      | Killed Natasha
  4694 | D:2      | Slain by Sigmund

Skill      XL: |  1  2  3  4  5 |
---------------+----------------+-----
Summonings     | 5 |  5.3
Spellcasting   | 4 |  4.6
Ice Magic      | 2 3 |  3.8
Short Blades   | |  0.2
Dodging        | |  2.1
Stealth        | |  2.5

Action                   |  1- 3 |  4- 6 || total
-------------------------+-------+-------++-------
Melee: Short sword       |    65 |    38 ||   103
       Unarmed           |     1 |       ||     1
Throw: Javelin           |       |     1 ||     1
 Cast: Summon Small Mamm |    79 |    20 ||    99
       Call Imp          |     5 |     8 ||    13
       Call Canine Famil |    15 |    23 ||    38
 Stab: Sleeping          |     1 |     1 ||     2
       Distracted        |       |     1 ||     1
Armor: Robe              |    17 |     7 ||    24
Dodge: Dodged            |    52 |    29 ||    81
